 Dungeon Crawl Stone Soup version 0.30-a0-989-g0d87f670db (webtiles) character file.

Game seed: 229605287486125939

297 BlueFish the Sneak (level 6, -1/43 HPs)
             Began as an Octopode Fighter on Apr 4, 2023.
             Slain by a goblin
             ... wielding a +0 club
              (4 damage)
             ... on level 4 of the Dungeon.
             The game lasted 00:04:00 (2201 turns).

BlueFish the Sneak (Octopode Fighter)               Turns: 2201, Time: 00:04:01

Health: -1/43      AC: -3    Str: 18    XL:     6   Next: 35%
Magic:  6/6        EV: 13    Int: 10    God:
Gold:   125        SH:  4    Dex: 11    Spells: 5/5 levels left

rFire   . . .      SeeInvis .      - Unarmed
rCold   . . .      Faith    .    a - +0 buckler
rNeg    . . .      Spirit   .    (helmet restricted)
rPois   .          Reflect  .    (no amulet)
rElec   .          Rampage  .    (no ring)
rCorr   .                        (no ring)
Will    .....                    (no ring)
Stlth   ++++                     (no ring)
HPRegen 0.27/turn                (no ring)
MPRegen 0.10/turn                (no ring)
                                 (no ring)
                                 (no ring)

@: mighty, corroded
A: almost no armour, amphibious, 8 rings, camouflage 1, gelatinous body 1,
(nimble swimmer 1), tentacles
a: no special abilities


You were on level 4 of the Dungeon.
You visited 1 branch of the dungeon, and saw 4 of its levels.

You collected 125 gold pieces.

Inventory:

Missiles
 e - a throwing net (quivered)
 i - 32 stones
 n - 6 poisoned darts
 q - 4 boomerangs
Armour
 a - a +0 buckler (worn)
Wands
 r - a wand of iceblast (9)
Scrolls
 c - 2 scrolls of fear {unknown}
 f - 3 scrolls of enchant weapon {unknown}
 g - a scroll of poison {unknown}
 k - 6 scrolls of identify {unknown}
 m - a scroll of noise {unknown}
 o - 2 scrolls of magic mapping {unknown}
 p - a scroll of teleportation {unknown}
Potions
 b - a potion of might
 d - a potion of mutation {unknown}
 h - 4 potions of curing {unknown}
 j - 2 potions of heal wounds {unknown}
 l - 2 potions of haste {unknown}
 s - a potion of attraction {unknown}


   Skills:
 + Level 3.8 Fighting
 + Level 3.9 Dodging
 * Level 4.8 Stealth
 + Level 3.9 Shields
 + Level 3.1 Unarmed Combat


You had 5 spell levels left.
You didn't know any spells.
Your spell library contained the following spells:

 Spells                   Type           Power      Damage    Failure   Level
 Freeze                   Ice            0%         1d3       43%         1
 Frozen Ramparts          Ice            0%         1d1       82%         3
 Hailstorm                Conj/Ice       0%         3d3       82%         3
 Ice Form                 Ice/Tmut       0%         N/A       99%         4
 Summon Ice Beast         Ice/Summ       0%         N/A       99%         4


Dungeon Overview and Level Annotations

Branches:
Dungeon (4/15)
 Temple: D:4-7

Altars:
Yredelemnul

Shops:
D:3 [


Innate Abilities, Weirdness & Mutations

You cannot wear most types of armour.
You are amphibious.
You can wear up to eight rings at the same time.
Your skin changes colour to match your surroundings (Stealth+).
Your rubbery body absorbs attacks. (AC +1, EV +1)
((You are camouflaged when in or above water. (Stealth+)))
You have tentacles for arms and can constrict up to eight enemies at once.


Message History

You constrict Edmund, but do no damage.
Edmund hits you with a +1 flail of holy wrath!
You tentacle-slap Edmund but do no damage.
Edmund is heavily wounded.
You constrict Edmund.
Edmund hits you with a +1 flail of holy wrath!
You completely miss Edmund.
Edmund is severely wounded.
You constrict Edmund, but do no damage. Edmund closely misses you.
You tentacle-slap Edmund but do no damage.
Edmund is severely wounded.
You constrict Edmund.
Edmund hits you with a +1 flail of holy wrath!
* * * LOW HITPOINT WARNING * * *
You tentacle-slap Edmund but do no damage.
You tentacle-slap Edmund.
Edmund is severely wounded.
You constrict Edmund.
Edmund hits you with a +1 flail of holy wrath!
* * * LOW HITPOINT WARNING * * *
You feel very mighty all of a sudden.
You constrict Edmund. Edmund barely misses you.
You bludgeon Edmund!
Edmund is almost dead.
You constrict Edmund.
You kill Edmund!
Your Stealth skill increases to level 4!
Your Unarmed Combat skill increases to level 3!
You have reached level 6!
You bludgeon the jelly! The acid corrodes you!
Your tentacles burn!
* * * LOW HITPOINT WARNING * * *
You squeeze the jelly!
You kill the jelly!
You barely miss the goblin. Your grab misses the goblin.
The goblin barely misses you.
You barely miss the goblin. Your grab misses the goblin.
Your squeeze misses the goblin. The goblin closely misses you.
You barely miss the goblin. You grab the goblin. You constrict the goblin.
The goblin hits you with a +0 club.
You die...

. #### .. #.. ...
#######.##### ...
#.......#... ..
#.......#.###.#.###
#....>)...J<.).>[..
#####+#g#.#...#.###
#@#.#.#.....
#.#.#.#...g..
#.#.#.# .....
#.#...# .....
#.##### .... #..
.... ... ...


You could see a goblin.

Vanquished Creatures
  Edmund (D:4)
  A jelly (D:4)
  2 orc priests (D:3)
  2 adders (D:3)
  A worm (D:3)
  An orc (D:3)
  4 bats
  7 endoplasms
  2 giant cockroaches
  6 goblins
  5 hobgoblins
  2 jackals (D:1)
  9 kobolds
  3 quokkas
  11 ball pythons
  2 frilled lizards
  5 rats
64 creatures vanquished.

Vanquished Creatures (others)
  3 plants (D:1)
3 creatures vanquished.

Grand Total: 67 creatures vanquished

Notes
Turn   | Place    | Note
-------+----------+-------------------------------------------
     0 | D:1      | BlueFish the Octopode Fighter began the quest for the Orb.
     0 | D:1      | Reached XP level 1. HP: 16/16 MP: 1/1
    78 | D:1      | Reached skill level 1 in Stealth
   121 | D:1      | Reached XP level 2. HP: 20/21 MP: 2/2
   400 | D:1      | Reached XP level 3. HP: 20/26 MP: 3/3
   419 | D:1      | Reached skill level 2 in Stealth
  1279 | D:3      | Reached XP level 4. HP: 22/31 MP: 4/4
  1413 | D:3      | Reached skill level 3 in Stealth
  1544 | D:3      | Reached XP level 5. HP: 15/36 MP: 5/5
  1643 | D:3      | Found a basalt altar of Yredelemnul.
  1732 | D:3      | Found Ceogh's Armour Boutique.
  2178 | D:4      | Noticed Edmund
  2197 | D:4      | Killed Edmund
  2198 | D:4      | Reached skill level 4 in Stealth
  2198 | D:4      | Reached XP level 6. HP: 5/43 MP: 6/6
  2198 | D:4      | HP: 2/43 [acid (3)]
  2201 | D:4      | Slain by a goblin

Illustrated notes

Levels and vault maps discovered:
D:1:      dpeg_arrival_boxorama, layout_rooms, serial_bayou,
          serial_bayou_crossing, serial_bayou_shore_b, serial_bayou_shore_a,
          serial_bayou_pond_b, minmay_misc_feat_alley, minmay_cut_off
D:2:      layout_rooms
D:3:      layout_basic, mainiacjoe_overflow_alcove_1, serial_shops, shop,
          kennysheep_generic_room_11
D:4:      layout_basic, gammafunk_ghost_smash, uniq_pikel, uniq_eustachio,
          uniq_edmund

Skill      XL: |  1  2  3  4  5 |
---------------+----------------+-----
Stealth        | 1 2 3 4 |  4.8
Unarmed Combat | 3 |  3.1
Fighting       | |  3.8
Dodging        | |  3.9
Shields        | |  3.9

Action                     |  1- 3 |  4- 6 || total
---------------------------+-------+-------++-------
  Melee: Unarmed           |    88 |    50 ||   138
         Constrict         |    21 |    12 ||    33
         Tentacles         |    19 |    14 ||    33
         Punch             |     2 |     3 ||     5
    Use: Potion            |       |     1 ||     1
   Stab: Sleeping          |    12 |     7 ||    19
 Armour: Skin              |     8 |     1 ||     9
  Dodge: Dodged            |    36 |    27 ||    63
  Block: Buckler           |    11 |    10 ||    21

Table legend: (Time is in decaauts)
 A = Elapsed time spent in this place.
 B = Non-inter-level travel time spent in this place.
 C = Inter-level travel time spent in this place.
 D = Time resting spent in this place.
 E = Time spent auto-exploring this place.
 F = Levels seen in this place.
 G = Mean time per level.
                   A        B        C        D        E       F      G
               +--------+--------+--------+--------+--------+-----+--------+
         Total |   2200 |   2169 |     31 |      0 |   1512 |   4 |  550.0 |
       Dungeon |   2200 |   2169 |     31 |      0 |   1512 |   4 |  550.0 |
               +--------+--------+--------+--------+--------+-----+--------+

Top non-repeatable levels by time:
     D:3: 944 daAuts
     D:1: 767 daAuts
     D:2: 466 daAuts
     D:4: 22 daAuts
